 Dungeon Crawl Stone Soup version 0.31-a0-1370-gf52a5a9ab3 (webtiles) character file.

Game seed: 2394090737980354352

527 wildpjah the Slasher (level 7, 0/52 HPs)
             Began as a Demonspawn Gladiator on Dec 24, 2023.
             Was an Elder of Cheibriados.
             Incinerated by a bombardier beetle (6 damage)
             ... with a burning spray
             ... on level 5 of the Dungeon.
             The game lasted 00:09:02 (4832 turns).

wildpjah the Slasher (Demonspawn Gladiator)         Turns: 4832, Time: 00:09:03

Health: 0/52       AC:  9    Str: 23    XL:     7   Next: 3%
Magic:  4/7        EV: 12    Int: 19    God:    Cheibriados [****..]
Gold:   326        SH:  0    Dex: 24    Spells: 6/7 levels left

rFire   . . .        t - +1 dagger (venom)
rCold   . . .        (no shield)
rNeg    . . .        n - +0 scale mail
rPois   .            (helmet restricted)
rElec   .            (no cloak)
rCorr   .            (no gloves)
SInv    .            m - +0 pair of boots
Will    .....        (no amulet)
Stlth   +            (no ring)
HPRegen 0.28/turn    (no ring)
MPRegen 0.10/turn

%: no passive effects
@: on fire, glowing, very slow
A: antennae 2, thin metallic scales 1, condensation shield
a: Renounce Religion, Bend Time, Temporal Distortion, Slouch


You were on level 5 of the Dungeon.
You worshipped Cheibriados.
Cheibriados was greatly pleased with you.
You visited 1 branch of the dungeon, and saw 5 of its levels.
You also visited: Sewer.

You collected 326 gold pieces.

Inventory:

Hand Weapons
 a - a +0 long sword
 t - a +1 dagger of venom (weapon)
Missiles
 e - a javelin
Armour
 b - a +0 leather armour
 m - a +0 pair of boots (worn)
 n - a +0 scale mail (worn)
 w - an orb of guile
Wands
 c - a wand of paralysis (13)
Scrolls
 d - 3 scrolls of fog {unknown}
 g - 2 scrolls of torment {unknown}
 j - 2 scrolls of immolation {unknown}
 k - 4 scrolls of teleportation
 p - 2 scrolls of enchant weapon
 q - 2 scrolls of amnesia
 r - a scroll of poison
 s - a scroll of enchant armour
 u - a scroll of blinking
 v - 2 scrolls of summoning
 y - 3 scrolls of identify
Potions
 f - a potion of heal wounds
 h - 5 potions of might {unknown}
 i - a potion of attraction
 l - 2 potions of brilliance
 o - 2 potions of curing
 x - a potion of degeneration {unknown}


   Skills:
 + Level 3.1 Fighting
 + Level 0.2(3.1) Short Blades
 + Level 5.0 Long Blades
 + Level 1.9 Throwing
 + Level 2.7 Armour
 + Level 3.3 Dodging
 + Level 1.2 Stealth
 + Level 1.4 Shields
 + Level 0.5 Spellcasting
 + Level 0.8 Conjurations
 + Level 0.2 Invocations


You had 6 spell levels left.
You knew the following spells:

 Your Spells              Type           Power      Damage    Failure   Level
a - Magic Dart            Conj           12%        1d3       34%         1

Your spell library contained the following spells:

 Spells                   Type           Power      Damage    Failure   Level
 Slow                     Hex            0%         N/A       45%         1
 Searing Ray              Conj           6%         2d4       47%         2
 Call Canine Familiar     Summ           0%         N/A       83%         3
 Confusing Touch          Hex            0%         N/A       83%         3
 Ozocubu's Armour         Ice            0%         N/A       83%         3
 Sigil of Binding         Hex            0%         N/A       83%         3
 Vampiric Draining        Necr           0%         2d6       83%         3
 Dimensional Bullseye     Hex/Tloc       0%         N/A       99%         4
 Fulminant Prism          Conj/Alch      0%         3d5       99%         4
 Metabolic Englaciation   Hex/Ice        0%         N/A       100%        5
 Simulacrum               Ice/Necr       0%         N/A       100%        6


Dungeon Overview and Level Annotations

Branches:
Dungeon (5/15)              Sewer (visited)
 Temple: D:4-7

Altars:
Cheibriados
Xom


Innate Abilities, Weirdness & Mutations

You have a pair of antennae on your head.
You are partially covered in thin metallic scales. (AC +2)
A meltable shield of frost defends you. (SH +0)


Message History

The burning spray hits you.
You are even more covered in liquid fire!
You shake off some of the fire as you move.
The liquid fire burns you!
The bombardier beetle sprays incendiary fluid at you.
The burning spray hits you.
You are even more covered in liquid fire!
You hit the bombardier beetle but do no damage.
The bombardier beetle is poisoned.
Your punch misses the bombardier beetle.
The liquid fire burns you!
You hit the bombardier beetle but do no damage.
The bombardier beetle looks as sick as possible!
The bombardier beetle is moderately wounded.
The liquid fire burns you!
The bombardier beetle bites you but does no damage.
You closely miss the bombardier beetle.
The bombardier beetle is moderately wounded.
The liquid fire burns you!
Your magical contamination has completely faded away.
You hit the bombardier beetle but do no damage.
The bombardier beetle is heavily wounded.
The liquid fire burns you!
You kill the bombardier beetle!
You shake off some of the fire as you move.
The liquid fire burns you!
You see here a bombardier beetle corpse.
You shake off some of the fire as you move.
The liquid fire burns you!
* * * LOW HITPOINT WARNING * * *
You are on fire!
You are on fire!
You are on fire!
You are on fire!
The liquid fire burns you!
* * * LOW HITPOINT WARNING * * *
The liquid fire burns you!
* * * LOW HITPOINT WARNING * * *
The liquid fire burns you!
You die...

###.###..##.#
......#..##.#
.........##.#
#.#.#..#.##.#
#........#..######
.....>...........#
###.........####.#
.............# #†#
.............# #@#
.............# #.#
<............# #.#
...........#.# #.#
.............. #.#
##.....#.#.### #.#
............. ..#
.#.....#...## ###
############


There were no monsters in sight!

Vanquished Creatures
  A black bear (D:5)
  A scorpion (D:4)
  3 crimson imps (D:3)
  A hound (D:5)
  An iguana (D:5)
  A hell rat (Sewer)
  Robin (D:4)
  8 adders
  A bombardier beetle (D:5)
  2 worms
  5 dart slugs
  7 bats
  3 endoplasms
  6 giant cockroaches
  14 goblins
  5 hobgoblins
  2 jackals (D:2)
  3 quokkas (D:1)
  11 ball pythons
  4 frilled lizards
  6 kobolds
  22 rats
108 creatures vanquished.

Notes
Turn   | Place    | Note
-------+----------+-------------------------------------------
     0 | D:1      | wildpjah the Demonspawn Gladiator began the quest for the
                  | Orb.
     0 | D:1      | Reached XP level 1. HP: 16/16 MP: 1/1
     2 | D:1      | Noticed a vine stalker
     2 | D:1      | Noticed a vampire
     6 | D:1      | Noticed a tengu
     6 | D:1      | Noticed an octopode
     8 | D:1      | Noticed a demonspawn
     8 | D:1      | Noticed a spriggan
    10 | D:1      | Noticed a gargoyle
    10 | D:1      | Noticed an ogre
    12 | D:1      | Noticed a troll
    12 | D:1      | Noticed an armataur
    14 | D:1      | Noticed a human
    14 | D:1      | Noticed a felid
    16 | D:1      | Noticed a demigod
    16 | D:1      | Noticed a minotaur
    18 | D:1      | Noticed a ghoul
    18 | D:1      | Noticed a draconian
    20 | D:1      | Noticed a naga
    20 | D:1      | Noticed a formicid
    24 | D:1      | Noticed a merfolk
    26 | D:1      | Noticed a vine stalker
    26 | D:1      | Noticed a troll
   266 | D:1      | Gained mutation: A meltable shield of frost defends you.
                  | (SH +0) [demonic ancestry]
   266 | D:1      | Reached XP level 2. HP: 22/22 MP: 2/2
   303 | D:1      | Found a faded altar of an unknown god.
   311 | D:1      | Prayed at the altar of an unknown god.
   311 | D:1      | Became a worshipper of Cheibriados the Contemplative
   311 | D:1      | Reached * piety under Cheibriados
   529 | D:1      | Reached skill level 3 in Long Blades
  1033 | D:2      | Reached XP level 3. HP: 21/27 MP: 3/3
  1112 | D:2      | Reached ** piety under Cheibriados
  1974 | D:3      | Learned a level 1 spell: Magic Dart
  2255 | D:3      | Found a shimmering altar of Xom.
  2256 | D:3      | Found a glowing drain.
  2272 | D:3      | Reached skill level 1 in Armour
  2272 | D:3      | Reached skill level 1 in Stealth
  2272 | D:3      | Reached XP level 4. HP: 26/33 MP: 4/4
  2286 | Sewer    | Entered a sewer
  2580 | D:3      | Reached *** piety under Cheibriados
  2691 | D:3      | Gained mutation: You have a pair of small antennae on your
                  | head. [demonic ancestry]
  2691 | D:3      | Reached XP level 5. HP: 39/39 MP: 5/5
  2813 | D:3      | Reached skill level 4 in Long Blades
  3237 | D:4      | Gained mutation: You are partially covered in thin metallic
                  | scales. (AC +2) [demonic ancestry]
  3237 | D:4      | Reached XP level 6. HP: 31/46 MP: 6/6
  3330 | D:4      | Reached skill level 1 in Shields
  3512 | D:4      | Noticed Robin
  3521 | D:4      | Killed Robin
  3521 | D:4      | Reached **** piety under Cheibriados
  4050 | D:5      | Entered Level 5 of the Dungeon
  4542 | D:5      | Reached skill level 5 in Long Blades
  4715 | D:5      | Gained mutation: You have a pair of antennae on your head.
                  | [demonic ancestry]
  4715 | D:5      | Reached XP level 7. HP: 49/52 MP: 3/7
  4832 | D:5      | Incinerated by a bombardier beetle

Illustrated notes

Levels and vault maps discovered:
D:1:      kb_arrival_jail, layout_loops_ring, basic_ecumenical_altar,
          nrook_uturn, minmay_rat_gold_closets
D:2:      minmay_general_purpose_star, layout_basic, grunt_decor_mini_mirrors
D:3:      layout_loops_corners, led_xom_imps, gup_sewer_entry_glass,
          dreamdust_wishing_well, minmay_snake_closets
D:4:      layout_rooms, uniq_robin
D:5:      layout_basic, minmay_overflow_temple_hex, fountainhead

Skill      XL: |  1  2  3  4  5  6 |
---------------+-------------------+-----
Dodging        | 3 |  3.3
Long Blades    | 3 4 5 |  5.0
Armour         | 1 2 |  2.7
Stealth        | 1 |  1.2
Shields        | 1 |  1.4
Fighting       | 3 |  3.1
Short Blades   | |  0.2
Throwing       | |  1.9
Spellcasting   | |  0.5
Conjurations   | |  0.8
Invocations    | |  0.2

Action                     |  1- 3 |  4- 6 |  7- 9 || total
---------------------------+-------+-------+-------++-------
  Melee: Long sword        |   138 |   182 |       ||   320
         Punch             |     1 |       |       ||     1
         Dagger            |       |    35 |     4 ||    39
  Throw: Throwing net      |       |     4 |       ||     4
   Cast: Magic Dart        |     2 |     5 |     3 ||    10
 Invoke: Bend Time         |       |     1 |       ||     1
    Use: Scroll            |       |    10 |       ||    10
         Potion            |       |     1 |       ||     1
   Stab: Sleeping          |     4 |       |       ||     4
         Held in net/web   |       |     2 |       ||     2
 Armour: Leather armour    |    38 |       |       ||    38
         Scale mail        |    43 |   148 |     1 ||   192
  Dodge: Dodged            |    76 |   119 |       ||   195
  Block: Other             |    20 |    47 |       ||    67

Table legend: (Time is in decaauts)
 A = Elapsed time spent in this place.
 B = Non-inter-level travel time spent in this place.
 C = Inter-level travel time spent in this place.
 D = Time resting spent in this place.
 E = Time spent auto-exploring this place.
 F = Levels seen in this place.
 G = Mean time per level.
                   A        B        C        D        E       F      G
               +--------+--------+--------+--------+--------+-----+--------+
         Total |   6735 |   6541 |    194 |      0 |   5541 |   6 | 1122.5 |
       Dungeon |   6505 |   6311 |    194 |      0 |   5381 |   5 | 1301.0 |
         Sewer |    229 |    229 |      0 |      0 |    159 |   1 |  229.0 |
               +--------+--------+--------+--------+--------+-----+--------+

Top non-repeatable levels by time:
     D:3: 1541 daAuts
     D:2: 1403 daAuts
     D:5: 1238 daAuts
     D:1: 1194 daAuts
     D:4: 1128 daAuts
   Sewer: 229 daAuts
